 Dungeon Crawl Stone Soup version 0.32-a0-42-ga30500b (webtiles) character file.

Game seed: 17141514266389582372

2102 Dorkslayer the Ruffian (level 9, -13/59 HPs)
             Began as an Octopode Fighter on Jan 29, 2024.
             Was a Follower of Dithmenos.
             Mangled by a human
             ... wielding a +1 heavy hand axe
              (19 damage)
             ... in a bailey.
             The game lasted 00:19:15 (5135 turns).

Dorkslayer the Ruffian (Octopode Fighter)           Turns: 5135, Time: 00:19:15

Health: -13/59     AC:  1    Str: 20    XL:     9   Next: 28%
Magic:  9/9        EV: 15    Int: 10    God:    Dithmenos [*.....]
Gold:   353        SH:  6    Dex: 17    Spells: 8/8 levels left

rFire   . . .        b - +1 hand axe (heavy)
rCold   . . .        a - +1 buckler
rNeg    . . .        (helmet restricted)
rPois   .            (no amulet)
rElec   .            i - ring of willpower
rCorr   .            m - +6 ring of dexterity
SInv    .            (no ring)
Will    +....        (no ring)
Stlth   +++++        (no ring)
HPRegen 0.29/turn    (no ring)
MPRegen 0.11/turn    (no ring)
                     (no ring)

%: no passive effects
@: wreathed by umbra
A: almost no armour, amphibious, 8 rings, camouflage 1, gelatinous body 1,
(nimble swimmer 1), tentacles
a: Renounce Religion


You were in a bailey.
You worshipped Dithmenos.
Dithmenos was aware of your devotion.
You visited 2 branches of the dungeon, and saw 8 of its levels.
You also visited: Bailey.

You collected 353 gold pieces.

Inventory:

Hand Weapons
 b - a +1 heavy hand axe (weapon)
 l - a +0 war axe of venom
 p - a +0 great sword of flaming
 w - a +4 halberd of freezing
 x - a +5 spear
 y - a +5 dire flail
Missiles
 j - 9 boomerangs (quivered)
 t - 2 throwing nets
Armour
 a - a +1 buckler (worn)
Jewellery
 i - a ring of willpower (left tentacle)
 m - a +6 ring of dexterity (right tentacle)
Wands
 c - a wand of polymorph (12)
 d - a wand of mindburst (6)
Scrolls
 e - a scroll of teleportation
 f - 2 scrolls of revelation
 g - 2 scrolls of enchant weapon
 h - a scroll of fog
 k - a scroll of poison
Potions
 n - a potion of attraction {unknown}
 o - a potion of cancellation {unknown}
 q - a potion of resistance {unknown}
 s - a potion of berserk rage {unknown}
 u - a potion of curing


   Skills:
 + Level 4.5 Fighting
 + Level 0.8 Throwing
 + Level 5.1 Dodging
 + Level 6.4 Stealth
 * Level 4.9 Shields
 + Level 7.5 Unarmed Combat
 * Level 4.8 Evocations


You had 8 spell levels left.
You didn't know any spells.
Your spell library was empty.

Dungeon Overview and Level Annotations

Branches:
Dungeon (7/15)             Temple (1/1) D:5          Bailey (1/1)

Altars:
Ashenzari
Dithmenos
Gozag
Hepliaklqana
Kikubaaqudgha
Makhleb
Nemelex Xobeh
Okawaru
Qazlal
Uskayaw
Vehumet
Xom
Yredelemnul
Zin
The Shining One

Shops:
D:4 [

Annotations:
Bailey Prince Ribbit


Innate Abilities, Weirdness & Mutations

You cannot wear most types of armour.
You are amphibious.
You can wear up to eight rings at the same time.
Your skin changes colour to match your surroundings (Stealth+).
Your rubbery body absorbs attacks. (AC +1, EV +1)
((You are camouflaged when in or above water. (Stealth+)))
You have tentacles for arms and can constrict up to eight enemies at once.


Message History

You hear a loud, deep croak!
You hear a shout! x2
The bullfrog misses you. The bullfrog closely misses you.
Prince Ribbit comes into view.
The bullfrog hits you. The bullfrog hits you!
A human comes into view. It is wielding a +0 heavy hand axe.
You block the bullfrog's attack. The bullfrog barely misses you.
Prince Ribbit moves out of view.
The human shouts!
You hear a shout!
The bullfrog attacks as it pursues you! The bullfrog barely misses you.
Okay, then.
The bullfrog hits you.
You barely miss the bullfrog. You grab the bullfrog.
The bullfrog is heavily wounded.
You constrict the bullfrog. The bullfrog hits you.
* * * LOW HITPOINT WARNING * * *
The bullfrog snags a nearby fly with its tongue.
The bullfrog hits you.
* * * LOW HITPOINT WARNING * * *
The bullfrog closely misses you. The bullfrog hits you.
* * * LOW HITPOINT WARNING * * *
Okay, then.
Okay, then.
You hit the bullfrog.
The bullfrog is severely wounded.
You closely miss the bullfrog. You constrict the bullfrog!
You kill the bullfrog!
Dithmenos accepts your kill. The bullfrog hits you.
* * * LOW HITPOINT WARNING * * *
The bullfrog misses you. The hobgoblin barely misses you.
The bullfrog misses you.
You slice the bullfrog!! You grab the bullfrog.
You tentacle-slap the bullfrog, but do no damage.
You squeeze the bullfrog.
You kill the bullfrog!
Dithmenos accepts your kill.
You hit the hobgoblin. The hobgoblin misses you.
You block the hobgoblin's attack.
The human hits you with a +1 heavy hand axe!!
You die...

##### ##...##
#.....#
#.∩.∩.#
#.....######
##.).##....##
#+#[#...@p.##
#[)..#.g..#
#...####..#
#...#...p†#
#...#.....#
##..###g###
+..# F.
####≈FF ≈.~


You could see 2 humans and a hobgoblin.

Vanquished Creatures
  3 humans (Bailey)
  A water moccasin (D:5)
  3 black bears
  A sky beast (D:6)
  A centaur (D:7)
  6 bullfrogs
  A scorpion (D:6)
  5 wights (D:6)
  A howler monkey (D:3)
  A jelly (D:4)
  A sleepcap (D:6)
  Ijyb (D:3)
  Terence (D:3)
  Natasha (thrice) (D:2)
  4 gnolls (D:5)
  8 adders
  A white imp (D:7)
  4 ufetubi (D:6)
  3 dart slugs
  6 ribbon worms
  10 orcs
  8 ball pythons
  6 bats
  7 endoplasms
  2 giant cockroaches
  11 goblins
  7 hobgoblins
  4 jackals
  3 quokkas
  3 frilled lizards
  7 kobolds
  5 rats
  A spectral goblin (D:3)
129 creatures vanquished.

Notes
Turn   | Place    | Note
-------+----------+-------------------------------------------
     0 | D:1      | Dorkslayer the Octopode Fighter began the quest for the
                  | Orb.
     0 | D:1      | Reached XP level 1. HP: 16/16 MP: 1/1
    54 | D:1      | Reached XP level 2. HP: 11/21 MP: 2/2
   401 | D:1      | Reached XP level 3. HP: 15/26 MP: 3/3
  1017 | D:2      | Reached skill level 1 in Stealth
  1166 | D:2      | Reached XP level 4. HP: 31/31 MP: 4/4
  1205 | D:2      | Noticed Natasha
  1210 | D:2      | Killed Natasha
  1211 | D:2      | Reached skill level 3 in Unarmed Combat
  1367 | D:2      | Noticed Natasha
  1375 | D:2      | Killed Natasha
  1672 | D:2      | Noticed Natasha
  1681 | D:2      | Killed Natasha
  1682 | D:2      | Reached XP level 5. HP: 36/36 MP: 5/5
  1688 | D:3      | Found a glowing silver altar of Zin.
  1688 | D:3      | Found a radiant altar of Vehumet.
  1790 | D:3      | Noticed Ijyb
  1797 | D:3      | Killed Ijyb
  1879 | D:3      | Noticed Terence
  1895 | D:3      | Killed Terence
  1896 | D:3      | Reached skill level 4 in Unarmed Combat
  1901 | D:3      | Reached XP level 6. HP: 36/42 MP: 6/6
  2039 | D:3      | Found a hazy altar of Hepliaklqana.
  2429 | D:4      | Reached skill level 1 in Evocations
  2575 | D:4      | Found Gaosucw's Armour Shop.
  2613 | D:4      | Found a sparkling altar of Nemelex Xobeh.
  2614 | D:4      | Found an opulent altar of Gozag.
  3083 | D:5      | Entered Level 5 of the Dungeon
  3191 | D:5      | Noticed a water moccasin
  3215 | D:5      | Killed a water moccasin
  3216 | D:5      | Reached skill level 5 in Unarmed Combat
  3216 | D:5      | Reached XP level 7. HP: 19/47 MP: 7/7
  3333 | D:5      | Found a staircase to the Ecumenical Temple.
  3343 | Temple   | Entered the Ecumenical Temple
  3389 | Temple   | Became a worshipper of Dithmenos the Shadowed
  3958 | D:6      | Found a hide-covered altar of Uskayaw.
  4052 | D:6      | Reached XP level 8. HP: 44/54 MP: 8/8
  4116 | D:6      | Reached skill level 5 in Stealth
  4116 | D:6      | Reached skill level 6 in Unarmed Combat
  4647 | D:6      | Reached * piety under Dithmenos
  4871 | D:7      | Found a flagged portal.
  4892 | Bailey   | Entered a bailey
  4932 | Bailey   | Reached skill level 7 in Unarmed Combat
  4945 | Bailey   | Reached XP level 9. HP: 31/59 MP: 9/9
  4952 | Bailey   | Reached skill level 5 in Dodging
  5130 | Bailey   | Noticed Prince Ribbit
  5135 | Bailey   | Mangled by a human

Illustrated notes

Levels and vault maps discovered:
D:1:      dpeg_arrival_boxorama, layout_basic
D:2:      layout_loops_ring, minmay_misc_feat_more_columns, uniq_natasha
D:3:      layout_rooms, grunt_temple_overflow_open,
          nicolae_hepliaklqana_monster_ancestors, serial_forest,
          infiniplex_forest_clump_C, infiniplex_forest_lined_1,
          infiniplex_forest_clump_large, infiniplex_forest_straight_5,
          infiniplex_forest_fountain, uniq_ijyb, uniq_terence
D:4:      layout_rooms, grunt_temple_overflow_opulence, serial_shops, shop,
          minivault_26
D:5:      layout_loops_ring, minmay_temple_entry_statues_pillars
D:6:      layout_loops_ring, amcnicky_altar_gilded,
          nicolae_kite_square_tiling_tiny
D:7:      layout_gridville, lemuel_crystal_altar, enter_bailey_5
Temple:   nicolae_temple_bog_church
Bailey:   bailey_axe_froggy_fort_hellmonk, bailey

Skill      XL: |  1  2  3  4  5  6  7  8  9 |
---------------+----------------------------+-----
Stealth        | 1 2 3 4 6 |  6.4
Unarmed Combat | 3 4 5 7 |  7.5
Evocations     | 2 3 4 |  4.8
Dodging        | 4 5 |  5.1
Fighting       | 4 |  4.5
Shields        | 4 |  4.9
Throwing       | |  0.8

Action                     |  1- 3 |  4- 6 |  7- 9 || total
---------------------------+-------+-------+-------++-------
  Melee: Unarmed           |    87 |   296 |   102 ||   485
         Constrict         |    25 |    34 |    27 ||    86
         Tentacles         |    16 |   101 |    19 ||   136
         Punch             |     4 |    17 |     8 ||    29
         Hand axe          |       |       |     7 ||     7
  Throw: Boomerang         |       |     4 |     3 ||     7
  Evoke: Wand              |       |       |     7 ||     7
    Use: Scroll            |     2 |     4 |     6 ||    12
         Potion            |       |     3 |     3 ||     6
   Stab: Sleeping          |     4 |     4 |     6 ||    14
 Armour: Skin              |    35 |    48 |    56 ||   139
  Dodge: Dodged            |    57 |    47 |    79 ||   183
  Block: Buckler           |    21 |    17 |    27 ||    65

Table legend: (Time is in decaauts)
 A = Elapsed time spent in this place.
 B = Non-inter-level travel time spent in this place.
 C = Inter-level travel time spent in this place.
 D = Time resting spent in this place.
 E = Time spent auto-exploring this place.
 F = Levels seen in this place.
 G = Mean time per level.
                   A        B        C        D        E       F      G
               +--------+--------+--------+--------+--------+-----+--------+
         Total |   5118 |   5118 |      0 |    309 |   1945 |   9 |  568.7 |
       Dungeon |   4806 |   4806 |      0 |    152 |   1945 |   7 |  686.6 |
        Temple |     65 |     65 |      0 |      0 |      0 |   1 |   65.0 |
        Bailey |    246 |    246 |      0 |    157 |      0 |   1 |  246.0 |
               +--------+--------+--------+--------+--------+-----+--------+

Top non-repeatable levels by time:
     D:2: 1080 daAuts
     D:6: 888 daAuts
     D:5: 759 daAuts
     D:3: 714 daAuts
     D:4: 668 daAuts
     D:1: 605 daAuts
  Bailey: 246 daAuts
     D:7: 89 daAuts
  Temple: 65 daAuts
